[Event "*** Titled Tuesday Blitz"]
[Site "Chess.com"]
[Date "2020.10.20"]
[Round "2"]
[White "baki83"]
[Black "Chessdreamer2020"]
[Result "1-0"]
[WhiteElo "2743"]
[BlackElo "2476"]
[TimeControl "180+1"]
[EndTime "10:17:56 PDT"]
[Termination "baki83 won on time"]

1. e4 d6 2. d4 Nf6 3. Bd3 e5 4. c3 d5 5. dxe5 Nxe4 6. Nd2 Nc5 7. Bc2 Nc6 8. Ngf3 Bg4 9. O-O Be7 10. Re1 Ne6 11.
Nf1 O-O 12. h3 Bh5 13. Ng3 Bg6 14. Nf5 Re8 15. g4 Bg5 16. Nxg5 Nxg5 17. Kg2 Ne4 18. f3 Bxf5 19. gxf5 Nc5 20. b4 Nd7 21. f4 Nf8 22. Be3 Qd7 23. Qf3 Ne7 24. Qg4 g6 25. f6 Nf5 26. Bf2 Nh6 27. Qxd7 Nxd7 28. Kf3 c6 29. Rg1 Kh8 30. h4 Nf8 31. h5 a5 32.
a4 axb4 33. cxb4 Kg8 34. a5 Ne6 35. Rg2 Kf8 36. Rh1 Ng8 37. hxg6 hxg6 38. f5 Nc7 39.
Bc5+ 1-0

[Event "*** Titled Tuesday Blitz"]
[Site "Chess.com"]
[Date "2020.10.20"]
[Round "2"]
[White "margarita_2703"]
[Black "Zmof"]
[Result "1-0"]
[WhiteElo "2409"]
[BlackElo "2155"]
[TimeControl "180+1"]
[EndTime "10:17:56 PDT"]
[Termination "margarita_2703 won by resignation"]

1. Nf3 f5 2. d4 Nf6 3. c4 d6 4.
Nc3 g6 5. g3 Bg7 6. Bg2 O-O 7.
O-O Qe8 8. d5 Na6 9. Nd4 Bd7 10.
a3 c6 11. dxc6 bxc6 12. b4 Rc8 13. Bb2 Nc7 14. Qb3 Kh8 15. Rad1 Ne6 16. Nxe6 Bxe6 17.
Qa4 Bxc4 18. Qxa7 Qf7 19. Qe3 Rfd8 20. a4 e5 21. a5 d5 22. Qc5 Bf8 23. Qb6 Rb8 24.
Qxc6 Rdc8 25. Qa4 Bb3 26. Qxb3 Rxb4 27. Qa2 Qb7 28. Ba3 Rxc3 29. Bxb4 Qxb4 30. Bxd5 Ra3 31. Qc4 Qxc4 32. Bxc4 Rxa5 33. Ra1 Rc5 34. Bb3 Ne4 35. Rfc1 Rb5 36. Ra8 Kg7 37. Rc7+ Kh6 38. Bc2 Bd6 39. Rd7 Rc5 40. Bxe4 Rc1+ 41. Kg2 1-0

[Event "*** Titled Tuesday Blitz"]
[Site "Chess.com"]
[Date "2020.10.20"]
[Round "2"]
[White "Harsha_Bharathakoti"]
[Black "Mr_Sinigami"]
[Result "1-0"]
[WhiteElo "2779"]
[BlackElo "2500"]
[TimeControl "180+1"]
[EndTime "10:17:57 PDT"]
[Termination "Harsha_Bharathakoti won by resignation"]

1. c4 Nf6 2. Nc3 g6 3. e4 d6 4. d4 Bg7 5. Be2 O-O 6. Bg5 h6 7. Be3 e5 8. d5 a5 9. g4 Ne8 10.
Qd2 Kh7 11. h4 Na6 12. h5 g5 13. f3 Bf6 14. Nh3 Ng7 15. Nf2 Bd7 16. O-O Qe7 17.
Rab1 Rfc8 18. b3 c5 19. a3 Ne8 20. Nd3 Qf8 21. Nb2 Bd8 22. Nb5 Qe7 23. Na4 b6 24. Rb2 Rab8 25. Rfb1 Nec7 26. Na7 Ne8 27. Nxc8 Rxc8 28.
Nc3 Nec7 29. Na2 Qe8 30. b4 axb4 31. axb4 cxb4 32. Nxb4 Nc5 33. Ra2 Rb8 34. Ra7 Kg7 35.
Nd3 N7a6 36. Nxc5 Nxc5 37. Bxc5 dxc5 38. Rba1 Bf6 39. Qb2 b5 40. cxb5 Bxb5 41. Rb1 c4 42. Bxc4 Bd8 43. Bxb5 Bb6+ 44. Kg2 1-0

[Event "*** Titled Tuesday Blitz"]
[Site "Chess.com"]
[Date "2020.10.20"]
[Round "2"]
[White "HanSchut"]
[Black "TigranMukhutdinov"]
[Result "0-1"]
[WhiteElo "2244"]
[BlackElo "2523"]
[TimeControl "180+1"]
[EndTime "10:17:57 PDT"]
[Termination "TigranMukhutdinov won by checkmate"]

1. e4 c5 2. Nf3 Nc6 3. d4 cxd4 4. Nxd4 e5 5. Nb5 d6 6. N1c3 a6 7. Na3 b5 8. Nd5 Nce7 9. c4 Nxd5 10. exd5 bxc4 11. Nxc4 Nf6 12. Be2 Be7 13. O-O O-O 14.
Be3 Rb8 15. f3 Bb7 16. Ba7 Ra8 17. Bb6 Qd7 18. Ne3 a5 19. a4 Ba6 20. Bxa6 Rxa6 21.
Nc4 Rc8 22. Rc1 Rxc4 23. Rxc4 Rxb6 24. Qc2 g6 25. Rc7 Rxb2 26. Rxd7 Rxc2 27. Rxe7 Nxd5 28. Ra7 Ne3 29. Rb1 Rxg2+ 30. Kh1 Ra2 31. Rxa5 d5 32.
Ra8+ Kg7 33. a5 d4 34. a6 d3 35. a7 d2 36. Rd8 Rxa7 37. Rxd2 Nf5 38. Re1 f6 39. Red1 Ra3 40. Rf2 g5 41. Rc1 Kg6 42. Rg1 Ra4 43. Re1 Nd4 44. Kg2 Ne6 45. Re4 Nf4+ 46. Kg3 Ra1 47. h4 h5 48. hxg5 Kxg5 49. Kh2 h4 50. Ree2 Nxe2 51. Rxe2 Kf4 52. Re4+ Kxf3 53. Rxh4 f5 54. Rh5 Ke4 55. Rh4+ f4 56.
Kg2 Ra2+ 57. Kf1 Ke3 58. Rh3+ f3 59. Ke1 Ra1# 0-1

[Event "*** Titled Tuesday Blitz"]
[Site "Chess.com"]
[Date "2020.10.20"]
[Round "2"]
[White "JuliaEfremova"]
[Black "As0nchess"]
[Result "0-1"]
[WhiteElo "2324"]
[BlackElo "2597"]
[TimeControl "180+1"]
[EndTime "10:17:57 PDT"]
[Termination "As0nchess won by resignation"]

1. d4 Nf6 2. Nf3 d5 3. Bf4 e6 4.
Nbd2 Bd6 5. Ne5 O-O 6. e3 c5 7.
c3 Qc7 8. Bd3 b6 9. O-O Ba6 10.
Bxa6 Nxa6 11. Qf3 Nd7 12. Qg3 f6 13. Nxd7 Bxf4 14. Qxf4 Qxd7 15. Nf3 Rae8 16. Qh4 Nb8 17. Rad1 Nc6 18. Rfe1 Ne7 19. e4 dxe4 20. Qxe4 Nf5 21. dxc5 Qb5 22. cxb6 Qxb6 23. b3 Kh8 24. c4 Qa5 25. Re2 h6 26. Red2 Qb6 27. Nh4 Nxh4 28. Qxh4 e5 29. Qg4 Re7 30. h4 Qa5 31. h5 f5 32. Qg6 e4 33. Rd7 Rxd7 34. Rxd7 Rg8 35. Qxf5 Qxf5 0-1

[Event "*** Titled Tuesday Blitz"]
[Site "Chess.com"]
[Date "2020.10.20"]
[Round "2"]
[White "Ashedu66"]
[Black "simplerXiao"]
[Result "0-1"]
[WhiteElo "2181"]
[BlackElo "2427"]
[TimeControl "180+1"]
[EndTime "10:17:57 PDT"]
[Termination "simplerXiao won on time"]

1. d4 Nf6 2. c4 e6 3. Nf3 d5 4. Nc3 Bb4 5. Qa4+ Nc6 6. e3 O-O 7. Bd2 Re8 8. Rd1 Bf8 9. Qc2 a6 10. a3 e5 11. dxe5 Nxe5 12. Nxe5 Rxe5 13. Be2 Bf5 14.
Qb3 Bg4 15. cxd5 Bxe2 16. Nxe2 Rxd5 17. Bc3 Rxd1+ 18. Qxd1 Qxd1+ 19. Kxd1 Ne4 20. Be1 Bc5 21. Kc2 Rd8 22. Ng3 Nd6 23. Bc3 Nb5 24. Be5 f6 25. Bc3 Kf7 26. Ne4 Be7 27. Rd1 Rxd1 28. Kxd1 f5 29. Ng3 Nxc3+ 30. bxc3 g6 31. a4 Ke6 32.
Kc2 Kd5 33. Kd3 Kc5 34. e4 f4 35. Ne2 Bd6 36. f3 Kb6 37. Kc4 Ka5 38. Kb3 b5 39. axb5 axb5 40. c4 c5 41. Nc3 b4 42. Nd5 Ka6 43. Nf6 h6 44. Ng8 h5 45. Nf6 Kb7 46.
Nd5 Kc6 47. Ka4 Kd7 48. Kb5 Ke6 49. Kc6 Be5 50. Kxc5 b3 0-1

[Event "*** Titled Tuesday Blitz"]
[Site "Chess.com"]
[Date "2020.10.20"]
[Round "2"]
[White "jonaszmb"]
[Black "GigaQuparadze"]
[Result "0-1"]
[WhiteElo "2407"]
[BlackElo "2870"]
[TimeControl "180+1"]
[EndTime "10:17:58 PDT"]
[Termination "GigaQuparadze won on time"]

1. g3 c5 2. c4 Nc6 3. Bg2 g6 4.
Nc3 Bg7 5. d3 d6 6. Nf3 Bg4 7.
O-O Qd7 8. Re1 Bh3 9. Bh1 h6 10.
Rb1 Nf6 11. a3 Ng4 12. e3 Nge5 13. Nxe5 Nxe5 14. Qe2 Bg4 15. f3 Bf5 16. e4 Be6 17. Nd5 Nc6 18. b4 Nd4 19. Qf2 b6 20. Bb2 O-O 21.
Bg2 Rae8 22. Kh1 Bxd5 23. exd5 e5 24. dxe6 fxe6 25. f4 e5 26. Bxd4 cxd4 27. c5 dxc5 28. bxc5 exf4 29. Rxe8 Qxe8 30. gxf4 bxc5 31. Be4 g5 32.
Qa2+ Kh8 33. fxg5 hxg5 34. Qg2 Qh5 35. Rf1 Rf6 36. Rxf6 Bxf6 37. Qf1 Kg7 38. Qf5 Qd1+ 39. Kg2 Qe2+ 40. Kg1 Qe3+ 41. Kh1 Qf4 42. Qd7+ Kf8 43.
Qc8+ Kf7 44. Qd7+ Be7 45. Qd5+ Kf6 46. Qc6+ Bd6 47. Kg2 Qxh2+ 48. Kf1 Qf4+ 49. Ke2 g4 50. Qd7 Kg5 51. Qd8+ Qf6 52. Qg8+ Kf4 53. Qd5 Kg3 54. Qh5 Qf2+ 55. Kd1 Bf4 0-1

[Event "*** Titled Tuesday Blitz"]
[Site "Chess.com"]
[Date "2020.10.20"]
[Round "2"]
[White "elegant285"]
[Black "Mikasinski"]
[Result "0-1"]
[WhiteElo "2308"]
[BlackElo "2541"]
[TimeControl "180+1"]
[EndTime "10:17:58 PDT"]
[Termination "Mikasinski won by checkmate"]

1. d4 Nf6 2. c4 g6 3. Nc3 Bg7 4. e3 d6 5. Bd3 O-O 6. Nge2 e5 7. O-O b6 8. f4 exd4 9. Nxd4 Re8 10. Qf3 c6 11. Nxc6 Nxc6 12. Qxc6 Be6 13. Nb5 Bd7 14.
Qf3 a6 15. Nxd6 Bg4 16. Qc6 Re6 17. Nb7 Rxc6 18. Nxd8 Rxd8 19. Bc2 Rxc4 20. Bb3 Rc7 21. h3 Be6 22. Bxe6 fxe6 23. b3 Ne4 24. Rb1 Nc3 25. Rb2 Ne4 26. Rb1 Rc2 27. a4 Bf6 28. Ba3 Rdd2 29. Rfd1 Rxg2+ 30. Kf1 Ng3+ 31. Ke1 Rce2# 0-1

[Event "*** Titled Tuesday Blitz"]
[Site "Chess.com"]
[Date "2020.10.20"]
[Round "2"]
[White "Smile2005"]
[Black "BlackBoarder"]
[Result "1-0"]
[WhiteElo "2345"]
[BlackElo "2591"]
[TimeControl "180+1"]
[EndTime "10:17:59 PDT"]
[Termination "Smile2005 won by checkmate"]

1. Nf3 Nf6 2. g3 g6 3. Bg2 Bg7 4. O-O O-O 5. d3 d5 6. Nc3 Re8 7. e4 d4 8. Nb1 c5 9. a4 Nc6 10. Na3 e5 11. Nc4 Qc7 12. b3 b6 13. Bd2 a6 14. Nh4 Bg4 15. f3 Be6 16. a5 b5 17.
Nb6 Rab8 18. f4 Bg4 19. Bf3 h5 20. f5 Qd6 21. fxg6 fxg6 22. Nxg6 Nd7 23. Nxd7 Qxg6 24. Bxg4 hxg4 25. Nxc5 Ne7 26. b4 Rf8 27. Qe2 Rbd8 28. Rxf8+ Rxf8 29. Rf1 Rxf1+ 30. Qxf1 Nc8 31. Qf5 Qxf5 32.
exf5 Nd6 33. Nxa6 Nxf5 34. Nc5 Nd6 35. a6 Nc8 36. Bg5 Bf8 37. Bf6 Bxc5 38. bxc5 Kf7 39. Bxe5 Ke6 40. Bxd4 Kd5 41. Bf2 b4 42. h3 gxh3 43.
g4 Ke5 44. Be3 b3 45. cxb3 Kf6 46. b4 Ke6 47. b5 Kd5 48. d4 Ne7 49. a7 Kc4 50.
a8=Q Nd5 51. Qa2+ Kd3 52. Qxd5 Kxe3 53. g5 Kf4 54. g6 Kg3 55. g7 h2+ 56. Kh1 Kh3 57.
g8=Q Kh4 58. Qdg5+ Kh3 59. Qg3# 1-0

[Event "*** Titled Tuesday Blitz"]
[Site "Chess.com"]
[Date "2020.10.20"]
[Round "2"]
[White "Chamal_Gedgafov"]
[Black "AsaHoffmann"]
[Result "1-0"]
[WhiteElo "2156"]
[BlackElo "2388"]
[TimeControl "180+1"]
[EndTime "10:18:01 PDT"]
[Termination "Chamal_Gedgafov won by checkmate"]

1. d4 Nf6 2. c4 c5 3. d5 e5 4.
Nc3 d6 5. e4 Be7 6. Nf3 Nbd7 7.
h3 Nf8 8. Bd3 Ng6 9. Be3 O-O 10.
Qd2 Nh5 11. g3 a6 12. a4 b6 13. Kf1 Bd7 14. Kg2 f5 15. exf5 Bxf5 16. Bxf5 Rxf5 17.
Ne4 Qf8 18. Nfg5 Bxg5 19. Nxg5 Qf6 20. Ne6 Nhf4+ 21. gxf4 exf4 22. Rhf1 Nh4+ 23. Kh1 fxe3 24. Qxe3 Re5 25. Qg3 Nf5 26. Qg4 Re8 27. Rae1 Rxe1 28.
Rxe1 g6 29. f4 Qxb2 30. Rg1 Qf6 31. Rb1 Ne3 32. Qe2 Qf5 33. Rxb6 Qxh3+ 34. Kg1 Qg3+ 35. Kh1 Nf5 36. Qb2 Qf3+ 37. Kg1 Qe3+ 38. Kh1 Qe4+ 39.
Kg1 Qxc4 40. Rb8 Rxb8 41. Qxb8+ Kf7 42. Qf8# 1-0

[Event "*** Titled Tuesday Blitz"]
[Site "Chess.com"]
[Date "2020.10.20"]
[Round "2"]
[White "tteshan"]
[Black "MikeSailer"]
[Result "1-0"]
[WhiteElo "2384"]
[BlackElo "2092"]
[TimeControl "180+1"]
[EndTime "10:18:01 PDT"]
[Termination "tteshan won by resignation"]

1. e4 d5 2. exd5 Qxd5 3. Nc3 Qd6 4. d4 Nf6 5. Bd3 c6 6. Be3 Bg4 7. f3 Bh5 8. Nge2 Bg6 9. Ne4 Nxe4 10. fxe4 e5 11.
Qd2 Nd7 12. c3 Be7 13. O-O O-O 14. Rad1 Rad8 15. Ng3 Nf6 16. Nf5 Bxf5 17. Rxf5 exd4 18. Bxd4 Qe6 19. Qg5 c5 20. Re5 Qxa2 21. Rxe7 cxd4 22. e5 Nd5 23. Rxb7 Ne3 24. Re1 Qd5 25. Rxa7 h6 26.
Qg3 Ra8 27. Rxa8 Rxa8 28. cxd4 Nc4 29. Be4 Qxd4+ 30. Qf2 Qxf2+ 31. Kxf2 Nxe5 32. Bxa8 Nd3+ 33. Ke2 Nxe1 34. Kxe1 Kf8 35. b4 Ke7 36. Bd5 Kd6 37. Bxf7 1-0

[Event "*** Titled Tuesday Blitz"]
[Site "Chess.com"]
[Date "2020.10.20"]
[Round "2"]
[White "Zhigalko_Sergei"]
[Black "GMTalks_Youtube"]
[Result "1/2-1/2"]
[WhiteElo "2936"]
[BlackElo "2610"]
[TimeControl "180+1"]
[EndTime "10:18:02 PDT"]
[Termination "Game drawn by repetition"]

1. e4 e5 2. Nf3 Nf6 3. d4 Nxe4 4. Bd3 d5 5. Nxe5 Nd7 6. Nxd7 Bxd7 7. O-O Bd6 8. Nc3 Nxc3 9. bxc3 O-O 10. Qh5 f5 11.
Re1 c6 12. c4 Be8 13. Qf3 dxc4 14. Bxc4+ Bf7 15. Bxf7+ Rxf7 16. Bf4 Bxf4 17. Qxf4 Qd7 18. Re5 Re8 19. Rae1 Rfe7 20. h4 Rxe5 21. Rxe5 Rxe5 22. Qxe5 a6 23. c4 b5 24. c5 Kf7 25. h5 Qe6 26. Qc7+ Kf6 27. h6 gxh6 28. Qxh7 Kg5 29. Qg7+ Kh5 30.
Qg3 Qe4 31. Qd6 Qe1+ 32. Kh2 Qxf2 33. Qxc6 Qh4+ 34. Kg1 Qe1+ 35. Kh2 Qh4+ 36. Kg1 Qxd4+ 37. Kh2 Qh4+ 38. Kg1 Qe1+ 39. Kh2 Qe5+ 40. Kg1 Qe1+ 41. Kh2 Qh4+ 42. Kg1 Qe1+ 1/2-1/2

[Event "*** Titled Tuesday Blitz"]
[Site "Chess.com"]
[Date "2020.10.20"]
[Round "2"]
[White "talman67"]
[Black "TimofeevAr"]
[Result "1-0"]
[WhiteElo "2526"]
[BlackElo "2792"]
[TimeControl "180+1"]
[EndTime "10:18:02 PDT"]
[Termination "talman67 won by resignation"]

1. e4 c5 2. Nf3 d6 3. d4 cxd4 4. Nxd4 Nc6 5. Nc3 e6 6. g4 a6 7.
g5 Nge7 8. Be3 Nxd4 9. Qxd4 Nc6 10. Qd2 b5 11. a3 Bb7 12. O-O-O Rc8 13. f4 Be7 14. Qf2 b4 15. axb4 Nxb4 16. Bd4 O-O 17. Kb1 Rxc3 18. Bxc3 Bxe4 19. Bxb4 Bxh1 20. Bxa6 Qa8 21.
Bxd6 Bxd6 22. Rxd6 Bd5 23. b3 g6 24. h4 Rb8 25. Kb2 Rb4 26. Qc5 Rb8 27. Qd4 Bc6 28. Bc4 Qb7 29. h5 gxh5 30. f5 exf5 31. g6 Be8 32.
gxf7+ Bxf7 33. Rd7 Qxd7 34. Qxd7 Bxc4 35. Qc7 Rf8 36. Qxc4+ Kg7 37. Qf4 Kg6 38. b4 h4 39.
b5 h3 40. b6 Rf6 41. Qg3+ Kh5 42. Qxh3+ Kg5 43. Qg3+ Kh5 44. Qc7 f4 45. b7 f3 46.
b8=Q f2 47. Qh2+ Kg6 48. Qbg3+ Kf7 49. Qgxf2 Rxf2 50. Qxf2+ 1-0

[Event "*** Titled Tuesday Blitz"]
[Site "Chess.com"]
[Date "2020.10.20"]
[Round "2"]
[White "Sibelephant"]
[Black "keepitcoming"]
[Result "1/2-1/2"]
[WhiteElo "3094"]
[BlackElo "2631"]
[TimeControl "180+1"]
[EndTime "10:18:03 PDT"]
[Termination "Game drawn by repetition"]

1. Nf3 d5 2. b3 Nf6 3. Bb2 c5 4. e3 e6 5. Bb5+ Nc6 6. O-O Be7 7. Bxc6+ bxc6 8. Ne5 Qc7 9. d3 O-O 10. Nd2 Ba6 11. f4 Rab8 12. Rf3 Rfd8 13. Rg3 d4 14. e4 Bd6 15. Ng4 Nxg4 16. Qxg4 f6 17. Qxe6+ Kh8 18.
e5 fxe5 19. Qf5 Rf8 20. Qh5 exf4 21. Rh3 h6 22. Ne4 Be5 23. Nxc5 Bc8 24. Re1 Bxh3 25. Qxe5 Qxe5 26. Rxe5 Bf5 27. Re7 Rfe8 28. Rxa7 Re2 29. Bxd4 Rg8 30. c4 f3 31. gxf3 Bh3 32.
Ne4 Rg2+ 33. Kh1 Re2 34. Kg1 Rg2+ 35. Kh1 Re2 36. Bc3 Rc2 37. Kg1 Rg2+ 38. Kh1 Rc2 39.
Kg1 Rg2+ 40. Kh1 Rc2 1/2-1/2

[Event "*** Titled Tuesday Blitz"]
[Site "Chess.com"]
[Date "2020.10.20"]
[Round "2"]
[White "natelleka"]
[Black "Fy_Rakotomaharo"]
[Result "0-1"]
[WhiteElo "2194"]
[BlackElo "2643"]
[TimeControl "180+1"]
[EndTime "10:18:03 PDT"]
[Termination "Fy_Rakotomaharo won on time"]

1. e4 c5 2. Nf3 e6 3. d4 cxd4 4. Nxd4 Nc6 5. Nb5 Nf6 6. N1c3 Bb4 7. a3 Bxc3+ 8. Nxc3 d5 9. exd5 Nxd5 10. Nxd5 exd5 11.
Bd3 O-O 12. O-O Qh4 13. Qf3 Be6 14. Bf4 Rac8 15. Bg3 Qg5 16. Rfe1 Rfe8 17. Bf4 Qh4 18. Bg3 Qg5 19. Bf4 Qf6 20. b3 h6 21. Qg3 Kh8 22. Rad1 Bf5 23. h3 Bxd3 24. Rxe8+ Rxe8 25. Rxd3 Qa1+ 26. Kh2 Re1 27. Qg4 Rh1+ 28. Kg3 Qf6 29. Rxd5 Ne7 30. Rd8+ Kh7 31. Rd2 Nf5+ 32. Kf3 g5 33. Rd5 Nh4+ 0-1

[Event "*** Titled Tuesday Blitz"]
[Site "Chess.com"]
[Date "2020.10.20"]
[Round "2"]
[White "JiiHart"]
[Black "Rakesh"]
[Result "0-1"]
[WhiteElo "2063"]
[BlackElo "2460"]
[TimeControl "180+1"]
[EndTime "10:18:03 PDT"]
[Termination "Rakesh won on time"]

1. e4 c5 2. Nf3 e6 3. d4 cxd4 4. Nxd4 a6 5. Nc3 Qc7 6. g3 Bb4 7. Ne2 Be7 8. Bg2 Nc6 9. O-O Nf6 10.
h3 d6 11. Be3 O-O 12. f4 b5 13. a3 Bb7 14. g4 Nd7 15. Qd2 Na5 16. b3 Rac8 17.
Rfd1 Bf6 18. Bd4 Be7 19. Rab1 Rfd8 20. Qe3 Nc6 21. g5 Nxd4 22. Rxd4 Nb6 23. Rbd1 d5 24.
b4 dxe4 25. Bxe4 Rxd4 26. Rxd4 Nc4 27. Qc1 Bxe4 28. Nxe4 Nb6 29. c3 Nd5 30. Qd2 h6 31. h4 f5 32. gxf6 Nxf6 33. Nxf6+ Bxf6 34. Rd7 Qc6 35. Qd3 Bxh4 36. Rd6 Qc4 37. Qxc4 Rxc4 38. Rxe6 Bf6 39.
Kg2 Bxc3 40. Nxc3 Rxc3 41. Rxa6 Kf7 42. Ra5 Kf6 43. Rxb5 Rxa3 44. Kf2 g6 45. Ke2 h5 46.
Rc5 Rb3 47. Rc4 Kf5 48. Kd2 h4 49. Ke2 Kg4 50. Kf2 Rb2+ 51. Kg1 h3 52. Rc3 Rxb4 53.
Kh2 Rb2+ 54. Kg1 Re2 55. Rd3 Rg2+ 56. Kh1 Rg3 57. Kh2 Rxd3 0-1

[Event "*** Titled Tuesday Blitz"]
[Site "Chess.com"]
[Date "2020.10.20"]
[Round "2"]
[White "capatl"]
[Black "Chessalary"]
[Result "0-1"]
[WhiteElo "2537"]
[BlackElo "2334"]
[TimeControl "180+1"]
[EndTime "10:18:03 PDT"]
[Termination "Chessalary won by resignation"]

1. Nf3 d5 2. g3 Nf6 3. Bg2 g6 4. O-O Bg7 5. d4 c6 6. Nbd2 O-O 7. Re1 Nbd7 8. e4 dxe4 9. Nxe4 Nxe4 10. Rxe4 Nf6 11.
Re1 Bg4 12. c3 Re8 13. Qb3 Qb6 14. Ng5 e6 15. h3 Bf5 16. Qd1 h5 17. Kh2 Rad8 18.
Qe2 Qc7 19. Bf4 Qb6 20. f3 Nd5 21. Bc1 e5 22. dxe5 Bxe5 23. Qf1 Bf6 24. h4 Qc7 25. c4 Nb4 26. Bf4 Qb6 27. Rxe8+ Rxe8 28. Re1 Rd8 29. a3 Nc2 30. Rd1 Re8 31. b4 Ne3 32.
Qe2 Ng4+ 33. fxg4 Rxe2 34. Rd8+ Bxd8 35. gxf5 Qf2 0-1

[Event "*** Titled Tuesday Blitz"]
[Site "Chess.com"]
[Date "2020.10.20"]
[Round "2"]
[White "Belka1989"]
[Black "orestn"]
[Result "1/2-1/2"]
[WhiteElo "2280"]
[BlackElo "2447"]
[TimeControl "180+1"]
[EndTime "10:18:03 PDT"]
[Termination "Game drawn by repetition"]

1. d4 Nf6 2. Nf3 e6 3. Bf4 d5 4.
e3 Bd6 5. Ne5 Nc6 6. Nd2 Bxe5 7.
dxe5 Nd7 8. Qg4 Ncxe5 9. Qxg7 Ng6 10. Bd3 Qf6 11. Qxf6 Nxf6 12. Bxc7 Bd7 13. c3 a6 14. h4 Bb5 15. Bc2 h5 16. f3 Rg8 17.
Kf2 Kd7 18. Bg3 Rae8 19. a4 Bc6 20. Nb3 Rc8 21. Nc5+ Ke7 22. b4 Nd7 23. Nb3 Nge5 24. Nd4 b6 25. Rhc1 Nc4 26. Bd3 Bb7 27. Bh2 Nde5 28.
Be2 Nd7 29. Rc2 Rg6 30. Rg1 Rgg8 31. g4 hxg4 32. Rxg4 Rh8 33. Bg3 Nd6 34. Bxd6+ Kxd6 35. f4 Ke7 36. Bd3 Nf6 37. Rg7 Rxh4 38. Nf3 Rh1 39. Ne5 Rf8 40. Ng6+ Ke8 41. Nxf8 Kxf8 42. Rg2 Rh3 43. Rg3 Rh2+ 44. Rg2 Rh3 45. Rg3 Rh2+ 46.
Rg2 Rh3 1/2-1/2

[Event "*** Titled Tuesday Blitz"]
[Site "Chess.com"]
[Date "2020.10.20"]
[Round "2"]
[White "Shockerlover"]
[Black "infinitegiantkiller"]
[Result "0-1"]
[WhiteElo "1890"]
[BlackElo "2355"]
[TimeControl "180+1"]
[EndTime "10:18:03 PDT"]
[Termination "infinitegiantkiller won by resignation"]

1. d4 e6 2. Nf3 d5 3. c4 Nf6 4. e3 Be7 5. Bd3 O-O 6. O-O b6 7. cxd5 exd5 8. Nc3 Bb7 9. Qe2 Nbd7 10. Rd1 Rc8 11. Nb5 a6 12. Nc3 a5 13. b3 c5 14. Bb2 Qc7 15. Nb5 Qb8 16. Rac1 Ne4 17. Ne5 Ndf6 18. dxc5 Bxc5 19. Bb1 Rfe8 20. Nd3 Bf8 21. Nd4 Nc5 22. Qf3 Nxd3 23. Bxd3 Rxc1 24. Rxc1 Rc8 25. Nf5 Rxc1+ 26. Bxc1 Ne4 27. Qg4 g6 28.
Nd4 Qc8 29. Qf3 Qxc1+ 30. Bf1 Qxf1+ 31. Kxf1 Nd2+ 32. Ke2 Nxf3 33. gxf3 Bc5 34. f4 Bxd4 35.
exd4 Kf8 36. Kf3 f5 37. h4 Kf7 38. h5 gxh5 39. Kg3 Kg6 40. Kh4 Ba6 41. a3 Bd3 42. b4 axb4 43. axb4 Be2 44. Kg3 h6 45. Kh4 Kf6 46.
Kg3 Ke6 47. Kh4 Kd6 48. Kg3 Kc6 49. f3 Kb5 50. Kf2 Bd1 51. Ke1 Bxf3 52. Kf2 Bg4 53. Kg3 Kxb4 0-1

[Event "*** Titled Tuesday Blitz"]
[Site "Chess.com"]
[Date "2020.10.20"]
[Round "2"]
[White "Bacyanide"]
[Black "mr65"]
[Result "1-0"]
[WhiteElo "2421"]
[BlackElo "2181"]
[TimeControl "180+1"]
[EndTime "10:18:04 PDT"]
[Termination "Bacyanide won by resignation"]

1. d4 Nf6 2. c4 g6 3. Nc3 Bg7 4. e4 d6 5. Nf3 O-O 6. Be2 Na6 7. O-O e5 8. Bg5 h6 9. Bh4 g5 10. Bg3 Nh5 11. dxe5 Nxg3 12. hxg3 Bxe5 13. Nxe5 dxe5 14.
Qc1 f5 15. exf5 Bxf5 16. Qe3 Qd4 17. Nd5 Qxe3 18. Nxe3 Be6 19. Rad1 Rad8 20. b3 c6 21. Bg4 Bxg4 22. Nxg4 Rd4 23. Nxe5 Rfd8 24. Rde1 Kg7 25. Nf3 R4d7 26. Re2 Nb4 27. a3 Nd3 28. Rd1 Nc5 29.
Rxd7+ Rxd7 30. b4 Na4 31. g4 c5 32. Ne5 Rd1+ 33. Kh2 Ra1 34. Re3 Rc1 35. g3 Nb2 36.
bxc5 Nxc4 37. Nxc4 Rxc4 38. Re7+ Kf6 39. Rxb7 a5 40.
Ra7 a4 41. c6 Rxc6 42. Rxa4 Rc2 43. Kg2 Kg6 44. Ra6+ Kg7 45. a4 Ra2 46. Ra7+ Kg6 47. a5 Ra3 48. a6 Ra2 49. Ra8 Kg7 50. a7 Ra3 51. f4 Ra2+ 52. Kf3 Ra3+ 53. Ke2 gxf4 54.
gxf4 Kh7 55. f5 Kg7 56. f6+ Kf7 57. Rh8 1-0

[Event "*** Titled Tuesday Blitz"]
[Site "Chess.com"]
[Date "2020.10.20"]
[Round "2"]
[White "GelmanAlexander"]
[Black "Alexander_Zubov"]
[Result "0-1"]
[WhiteElo "2598"]
[BlackElo "2914"]
[TimeControl "180+1"]
[EndTime "10:18:05 PDT"]
[Termination "Alexander_Zubov won on time"]

1. d4 Nf6 2. Nc3 d5 3. Bf4 c5 4. e3 cxd4 5. exd4 a6 6. Nf3 Nc6 7. Ne5 Bd7 8. Be2 Rc8 9. O-O e6 10. Qd3 Nb4 11. Qd2 Be7 12. a3 Nc6 13. Rfd1 O-O 14. Qe3 Ne8 15. Bd3 Nxe5 16. Bxe5 Bd6 17. f4 f6 18. Bxd6 Nxd6 19. Rd2 Re8 20. Re1 b5 21.
Qh3 g6 22. Qe3 a5 23. Nd1 b4 24. axb4 axb4 25. Nf2 Bb5 26. Bxb5 Nxb5 27. Nd3 Nd6 28. Rde2 Qb6 29. g4 Ne4 30. Nf2 f5 31. Nd3 Ra8 32. Rg2 Ra2 33. h4 Nf6 34. gxf5 exf5 35. Ne5 Rxb2 36.
h5 Nxh5 37. Qd3 Nxf4 38. Qxf5 Rf8 39. Nxg6 hxg6 0-1

[Event "*** Titled Tuesday Blitz"]
[Site "Chess.com"]
[Date "2020.10.20"]
[Round "2"]
[White "igorkovalenko"]
[Black "Artyom_ChessMate"]
[Result "1-0"]
[WhiteElo "2811"]
[BlackElo "2510"]
[TimeControl "180+1"]
[EndTime "10:18:05 PDT"]
[Termination "igorkovalenko won on time"]

1. e4 c5 2. Nf3 d6 3. Nc3 Nf6 4.
Bc4 Nc6 5. d3 g6 6. h3 Bg7 7. a3 O-O 8. O-O a6 9. Ba2 b5 10. Rb1 Rb8 11. Be3 Bb7 12. Qd2 Qd7 13. b4 cxb4 14. axb4 Rbc8 15. Ne2 e5 16. Bg5 Rfe8 17. Nc3 Ne7 18. Bb3 h6 19. Be3 Qc7 20. Ne2 d5 21. exd5 Nexd5 22. Bxh6 e4 23. Bxg7 exf3 24.
Qh6 Nh7 25. Bd4 f6 26. Qxg6+ Qg7 27. Qxg7+ Kxg7 28. Bxd5 Bxd5 29. Nf4 fxg2 30. Rfe1 Rxe1+ 31. Rxe1 Bf3 32. Re3 1-0

[Event "*** Titled Tuesday Blitz"]
[Site "Chess.com"]
[Date "2020.10.20"]
[Round "2"]
[White "shineatchess"]
[Black "maxip32"]
[Result "0-1"]
[WhiteElo "2195"]
[BlackElo "2423"]
[TimeControl "180+1"]
[EndTime "10:18:05 PDT"]
[Termination "maxip32 won on time"]

1. e4 c5 2. Nf3 d6 3. Bb5+ Nd7 4.
O-O a6 5. Bd3 e5 6. Re1 Ngf6 7. c3 Be7 8. a4 O-O 9. Bc2 b6 10. d4 Bb7 11. Nbd2 Qc7 12. d5 Rfe8 13. Nf1 Bf8 14. Ng3 g6 15. h4 b5 16. h5 c4 17.
Nh4 Be7 18. hxg6 hxg6 19. Bg5 Nxd5 20. exd5 Bxg5 21. Nxg6 Nf6 22. Ne4 Nxe4 23. Rxe4 fxg6 24. Rg4 Qe7 25. Bxg6 Rf8 26. Be4 Rf4 27. Rxf4 exf4 28.
Qf3 Re8 29. Re1 Kf8 0-1

[Event "*** Titled Tuesday Blitz"]
[Site "Chess.com"]
[Date "2020.10.20"]
[Round "2"]
[White "Angel_Hranitel_37"]
[Black "Keures"]
[Result "1-0"]
[WhiteElo "2507"]
[BlackElo "2291"]
[TimeControl "180+1"]
[EndTime "10:18:07 PDT"]
[Termination "Angel_Hranitel_37 won by checkmate"]

1. d4 Nf6 2. Nf3 d5 3. c4 c6 4.
g3 g6 5. Bg2 Bg7 6. O-O O-O 7.
Qb3 Qb6 8. Nc3 Nbd7 9. c5 Qxb3 10. axb3 Re8 11. b4 e5 12. b5 exd4 13. Nxd4 Ne4 14.
bxc6 Bxd4 15. cxd7 Bxd7 16. Nxd5 Nxc5 17. Nc7 Rec8 18.
Nxa8 Rxa8 19. Be3 Bxe3 20. fxe3 a6 21. b4 Nb3 22. Ra3 Nd2 23. Rc1 Bb5 24. Rac3 Bxe2 25.
Rc8+ Rxc8 26. Rxc8+ Kg7 27. Rc2 Nf3+ 28. Kf2 Bd3 29.
Rc7 Ne5 30. Rxb7 Bb5 31. Bd5 Kf6 32. h3 h6 33. e4 g5 34. Ke3 Kg6 35. Kd4 f6 36.
Be6 Nc6+ 37. Kc5 Ne5 38. g4 Nd3+ 39. Kd4 h5 40. Bf5+ Kh6 41. Rh7# 1-0